 Dungeon Crawl Stone Soup version 0.28.0-43-g3370ac3207 (webtiles) character file.

Game seed: 13525873752862194252

316 H0rd4k the Magician (level 6, -1/32 HPs)
             Began as a Deep Elf Hedge Wizard on Mar 23, 2022.
             Was an Initiate of Gozag.
             Slain by an orc wizard
             ... wielding a +0 dagger
              (2 damage)
             ... on level 3 of the Dungeon.
             The game lasted 00:05:40 (4645 turns).

H0rd4k the Magician (Deep Elf Hedge Wizard)         Turns: 4645, Time: 00:05:41

Health: -1/32      AC:  2    Str:  4 (7)  XL:     6   Next: 20%
Magic:  11/18      EV: 12    Int: 18 (21) God:    Gozag
Gold:   87         SH:  0    Dex: 11 (14) Spells: 10/19 levels left

rFire   . . .      SeeInvis .   e - +2 dagger (venom)
rCold   . . .      Faith    .   (no shield)
rNeg    . . .      Spirit   .   b - +0 robe
rPois   .          Reflect  .   c - +0 hat
rElec   .          Harm     .   (no cloak)
rCorr   .          Rampage  .   (no gloves)
Will    .....                   (no boots)
Stlth   ++........              (no amulet)
HPRegen 0.10/turn               (no ring)
MPRegen 0.16/turn               (no ring)

@: on blink cooldown
A: no striking features
a: Renounce Religion, Potion Petition, Call Merchant, Bribe Branch


You were on level 3 of the Dungeon.
You worshipped Gozag.
Gozag was noncommittal.
You visited 2 branches of the dungeon, and saw 5 of its levels.

You collected 140 gold pieces.
You paid 53 gold pieces to Gozag.

Inventory:

Hand Weapons
 e - a +2 dagger of venom (weapon)
Armour
 b - a +0 robe (worn)
 c - a +0 hat (worn)
Magical Staves
 g - a staff of earth
Scrolls
 a - 2 scrolls of noise {unknown}
 d - 4 scrolls of identify {unknown}
 f - a scroll of teleportation {unknown}
Potions
 i - a potion of magic {unknown}
 j - a potion of mutation {unknown}
 k - a potion of heal wounds {unknown}


   Skills:
 + Level 3.1 Dodging
 - Level 2.4 Stealth
 + Level 7.0 Spellcasting
 + Level 3.2 Conjurations
 + Level 1.3 Summonings
 + Level 1.1 Translocations
 + Level 1.8 Fire Magic
 + Level 1.0 Air Magic
 * Level 1.9 Poison Magic


You had 10 spell levels left.
You knew the following spells:

 Your Spells              Type           Power      Damage    Failure   Level
a - Magic Dart            Conj           72%        1d6       2%          1
b - Blink                 Tloc           20%        N/A       11%         2
c - Conjure Flame         Conj/Fire      15%        6-21      12%         3
d - Mephitic Cloud        Conj/Pois/Air  13%        N/A       14%         3

Your spell library contained the following spells:

 Spells                   Type           Power      Damage    Failure   Level
 Call Imp                 Summ           11%        N/A       10%         2
 Slow                     Hex            24%        N/A       11%         1


Dungeon Overview and Level Annotations

Branches:
Dungeon (4/15)             Temple (1/1) D:4

Altars:
Ashenzari
Cheibriados
Dithmenos
Elyvilon
Fedhas
Gozag
Hepliaklqana
Kikubaaqudgha
Makhleb
Nemelex Xobeh
Okawaru
Qazlal
Ru
Sif Muna
Trog
Uskayaw
Vehumet
Wu Jian
Xom
Yredelemnul
Zin
The Shining One

Shops:
D:3 (

Annotations:
D:1 exclusion: downstairs
D:3 exclusion: 2 downstairs
D:4 Dowan


Message History

You feel less confused.
Casting: Magic Dart (safe; 2% risk of failure)
Confirm with . or Enter, or press ? or * to list all spells.
You blink.
The orc wizard hits you with a +0 dagger.
The magic dart hits the orc wizard!
The orc wizard is heavily wounded.
The dart slug closely misses you.
The orc wizard points at you and mumbles some strange words.
The magic dart hits you.
You are too injured to fight recklessly!
You are too injured to fight recklessly!
You are too injured to fight recklessly!
Casting: Magic Dart (safe; 2% risk of failure)
Confirm with . or Enter, or press ? or * to list all spells.
Aiming: Magic Dart (safe; 2% risk of failure)
Press: ? - help, Shift-Dir - straight line, f/p - orc wizard
Aim: an orc wizard, wielding a +0 dagger and wearing a +0 robe (heavily wounded, 100% to hit)
The magic dart hits the orc wizard.
The orc wizard is severely wounded.
The orc wizard misses you. The dart slug bites you.
Casting: Magic Dart (safe; 2% risk of failure)
Confirm with . or Enter, or press ? or * to list all spells.
Aiming: Magic Dart (safe; 2% risk of failure)
Press: ? - help, Shift-Dir - straight line, f/p - orc wizard
Aim: an orc wizard, wielding a +0 dagger and wearing a +0 robe (severely wounded, 100% to hit)
The magic dart hits the orc wizard.
The orc wizard is almost dead.
The orc wizard casts a spell at you. The puff of flame hits you!
* * * LOW HITPOINT WARNING * * *
Unknown command.
It was a potion of degeneration.
There was something very wrong with that liquid.
You feel weakened.
You feel dopey.
You feel clumsy. The dart slug launches a dart at you.
The slug dart misses you.
The orc wizard hits you with a +0 dagger.
You die...
Your body crumbles into a pile of gold.

..#.#...#[#...####
###.###.#.)......#
....###.####...#.#
........# #...#.#
........# ##..#.#
........# #[w#.#
........# ##>#.#
........# #.#o#
........# #.w@#
........##########
........#......#
#########.####.#
...# #.##.#.# ...#
#.†).#.#
...#########.#.#
...'.......#.#.#
...#######.#.#.#


You could see an orc wizard and a dart slug.

Vanquished Creatures
  Eustachio (D:4)
  Jessica (D:3)
  An iguana (D:3)
  4 adders (D:2)
  2 worms
  2 dart slugs
  7 orcs
  3 ball pythons
  10 endoplasms
  2 giant cockroaches (D:1)
  5 goblins
  4 hobgoblins
  7 jackals
  4 quokkas
  3 bats
  2 frilled lizards
  6 kobolds
  5 rats
69 creatures vanquished.

Notes
Turn   | Place    | Note
-------+----------+-------------------------------------------
     0 | D:1      | H0rd4k the Deep Elf Hedge Wizard began the quest for the
                  | Orb.
     0 | D:1      | Reached XP level 1. HP: 10/10 MP: 7/7
   297 | D:1      | Reached XP level 2. HP: 15/15 MP: 5/9
   348 | D:1      | Reached skill level 5 in Spellcasting
  1282 | D:2      | Reached XP level 3. HP: 8/19 MP: 2/11
  1285 | D:2      | Learned a level 2 spell: Blink
  1289 | D:2      | Learned a level 3 spell: Conjure Flame
  1508 | D:1      | Learned a level 3 spell: Mephitic Cloud
  1899 | D:2      | Reached skill level 1 in Air Magic
  2101 | D:2      | Reached XP level 4. HP: 24/24 MP: 2/13
  2204 | D:2      | Found a faded altar of an unknown god.
  2447 | D:3      | Noticed Jessica
  2454 | D:3      | Killed Jessica
  2455 | D:3      | Reached skill level 1 in Fire Magic
  2520 | D:3      | Found Fiuddipt's Weapon Boutique.
  2547 | D:3      | Reached skill level 6 in Spellcasting
  2623 | D:3      | Found a basalt altar of Yredelemnul.
  2623 | D:3      | Found a glowing silver altar of Zin.
  3535 | D:4      | Noticed Dowan
  3581 | D:4      | Found a staircase to the Ecumenical Temple.
  3583 | D:4      | Noticed Eustachio
  3587 | Temple   | Entered the Ecumenical Temple
  3694 | Temple   | Became a worshipper of Gozag Ym Sagoz the Greedy
  3846 | D:4      | Killed Eustachio
  3847 | D:4      | Reached skill level 1 in Poison Magic
  3847 | D:4      | Reached XP level 5. HP: 20/28 MP: 3/16
  3847 | D:4      | Reached XP level 6. HP: 23/32 MP: 3/17
  4363 | D:3      | Reached skill level 7 in Spellcasting
  4644 | D:3      | HP: 1/32 [orc wizard/puff of flame (10)]
  4645 | D:3      | Slain by an orc wizard

Illustrated notes

Levels and vault maps discovered:
D:1:      enne_arrival_octagon_isle, layout_basic
D:2:      layout_rooms, ebering_ecumenical_altar_hall
D:3:      layout_basic, mainiacjoe_overflow_divided_tiny, serial_shops,
          nicolae_shop_bloodbath_and_beyond, uniq_jessica
D:4:      layout_cave_pools, minmay_temple_entry_waves, serial_shops, shop,
          abandoned_shop, uniq_duvessa, uniq_sigmund, uniq_eustachio
Temple:   regret_index_temple_chain_breaker

Skill      XL: |  1  2  3  4  5  6 |
---------------+-------------------+-----
Spellcasting   | 5 6 7 |  7.0
Dodging        | 3 |  3.1
Air Magic      | 1 |  1.0
Fire Magic     | 1 |  1.8
Conjurations   | 3 |  3.2
Poison Magic   | 1 |  1.9
Stealth        | |  2.4
Summonings     | |  1.3
Translocations | |  1.1

Action                   |  1- 3 |  4- 6 || total
-------------------------+-------+-------++-------
Melee: Dagger            |     3 |       ||     3
       Punch             |     1 |       ||     1
 Cast: Magic Dart        |   108 |   127 ||   235
       Conjure Flame     |       |     4 ||     4
       Mephitic Cloud    |       |     4 ||     4
       Blink             |       |     3 ||     3
  Use: Potion            |       |     1 ||     1
Armor: Robe              |     2 |     9 ||    11
Dodge: Dodged            |     7 |    35 ||    42
